 Dungeon Crawl Stone Soup version 0.19.0-2-gae57169 (webtiles) character file.

3159 Gargoyl the Schismatic (level 9, -1/68 HPs)
             Began as a Demonspawn Abyssal Knight on Nov 3, 2016.
             Was an Elder of Lugonu.
             Slain by a killer bee (6 damage)
             ... on level 8 of the Dungeon on Nov 4, 2016.
             The game lasted 00:21:00 (10046 turns).

Gargoyl the Schismatic (Demonspawn Abyssal Knight) Turns: 10046, Time: 00:21:01

Health: -1/68      AC: 15    Str: 16    XL:     9   Next: 62%
Magic:  15/15      EV:  7    Int: 19    God:    Lugonu [****..]
Gold:   135        SH:  4    Dex: 12    Spells: 0 memorised, 8 levels left

rFire  + . .     SeeInvis .     a - +2 hand axe
rCold  . . .     Gourm    .     g - +0 chain mail
rNeg   . . .     Faith    .     e - +0 buckler
rPois  .         Spirit   .     q - +1 helmet
rElec  .         Reflect  .     o - +0 cloak
rCorr  .         Harm     .     (no gloves)
MR     .....                    u - +0 pair of boots
Stlth  ..........               (no amulet)
                                (no ring)
                                (no ring)

@: brilliant, lethally poisoned (-1 -> -13)
A: talons 1, demonic guardian 2, fire resistance 1
a: Depart the Abyss, Bend Space, Banish, Corrupt, Renounce Religion


You were on level 8 of the Dungeon.
You worshipped Lugonu.
Lugonu was greatly pleased with you.
You were not hungry.

You visited 1 branch of the dungeon, and saw 8 of its levels.
You visited the Abyss 1 time.

You collected 297 gold pieces.
You spent 162 gold pieces at shops.

Inventory:

Hand Weapons
 a - a +2 hand axe (weapon)
 w - a +0 blowgun
Missiles
 x - 45 poisoned needles
 y - 5 poisoned tomahawks (quivered)
Armour
 e - a +0 buckler (worn)
 g - a +0 chain mail (worn)
 o - a +0 cloak (worn)
 q - a +1 helmet (worn)
 u - a +0 pair of boots (worn)
Wands
 r - a wand of digging (13/24)
 G - a wand of paralysis (15/24)
Scrolls
 d - 3 scrolls of amnesia
 k - a scroll of magic mapping
 l - 2 scrolls of fog
 m - 2 scrolls of identify
 n - a scroll of remove curse
 s - a scroll of teleportation
 v - 3 scrolls of blinking
Potions
 b - a potion of resistance
 t - a potion of curing
 z - 2 potions of agility
 A - a potion of haste
 D - a potion of might {unknown}
 E - 2 potions of flight
 F - a potion of ambrosia {unknown}
 H - a potion of heal wounds {unknown}
Books
 i - a book of Minor Magic

   Spells                             Type                      Level
   a - Magic Dart                     Conjuration                  1
   b - Blink                          Translocation                2
   c - Call Imp                       Summoning                    2
   d - Repel Missiles                 Charms/Air                   2
   e - Slow                           Hexes                        2
   f - Conjure Flame                  Conjuration/Fire             3
   g - Mephitic Cloud                 Conjuration/Poison/Air       3
 p - a book of Geomancy

   Spells                             Type                      Level
   a - Sandblast                      Earth                        1
   b - Passwall                       Transmutation/Earth          2
   c - Stone Arrow                    Conjuration/Earth            3
   d - Petrify                        Transmutation/Earth          4
   e - Lee's Rapid Deconstruction     Earth                        5
 C - a book of Cantrips

   Spells                             Type                      Level
   a - Confusing Touch                Hexes                        1
   b - Animate Skeleton               Necromancy                   1
   c - Summon Small Mammal            Summoning                    1
   d - Apportation                    Translocation                1
Comestibles
 c - 6 bread rations
 f - a royal jelly
 h - 4 meat rations
 j - a fruit


   Skills:
 + Level 5.0 Fighting
 + Level 6.4 Axes
 + Level 2.0 Throwing
 * Level 7.5 Armour
 + Level 2.6 Dodging
 + Level 2.0 Shields
 * Level 8.2 Invocations


You had 8 spell levels left.
You didn't know any spells.

Dungeon Overview and Level Annotations

Branches:
Dungeon (8/15)             Temple (0/1) D:7
   Lair: D:8-11

Altars:
Ashenzari
Dithmenos
Fedhas
Kikubaaqudgha
Qazlal
Sif Muna
Trog
Xom
The Shining One

Shops:
D:6 *}**%


Innate Abilities, Weirdness & Mutations

You have sharp toenails.
A demonic guardian rushes to your aid.
Your flesh is heat resistant. (rF+)


Message History

You barely miss the killer bee.
The killer bee is almost dead.
You feel sick.
The killer bee stings you but does no damage.
The killer bee stings you.
* * * LOW HITPOINT WARNING * * *
You are lethally poisoned!
The killer bee poisons you!
You closely miss the killer bee.
The killer bee is almost dead.
* * * LOW HITPOINT WARNING * * *
You feel sick. The killer bee stings you.
* * * LOW HITPOINT WARNING * * *
The killer bee stings you.
* * * LOW HITPOINT WARNING * * *
It was a potion of brilliance.
You feel clever all of a sudden.
* * * LOW HITPOINT WARNING * * *
You feel sick. The killer bee stings you.
You die...

### #.# ..# #.# ..# #.# #.#
#.# #.# #.. #.# #.#
###########. # #.# #.#
#........>.. ###. #.# #)#
#.#########. #.$.. #.# #y#
#.# #.
#.....#.###@#####.#########.
......).?...................
.?.............#.......>....
#.....########...###########
###### #####


You could see a killer bee.

Vanquished Creatures
  Pikel (D:4)
  Prince Ribbit (D:6)
  Grinder (D:4)
  An ice beast (D:7)
  A slave (D:4)
  2 black bears (D:6)
  2 ogres (D:7)
  A big kobold (D:8)
  3 bullfrogs
  2 scorpions
  2 killer bees (D:7)
  A crimson imp (D:6)
  A centaur zombie (D:8)
  A hound (D:6)
  A bullfrog zombie (D:5)
  A jelly (D:7)
  5 orc wizards
  3 orc priests
  Crazy Yiuf (D:4)
  2 iguanas
  8 worker ants
  Robin (D:2)
  A worker ant zombie (D:8)
  2 gnolls (D:7)
  8 adders
  A shadow imp (D:7)
  3 white imps (D:7)
  An adder skeleton (D:6)
  An adder zombie (D:6)
  2 worms
  2 dart slugs
  2 leopard geckos
  17 orcs
  6 giant cockroaches
  20 goblins
  7 hobgoblins
  8 jackals
  9 kobolds
  6 quokkas
  2 ball pythons (D:3)
  8 bats
  2 frilled lizards
  A leopard gecko skeleton (D:5)
  A quokka zombie (D:6)
  11 rats
163 creatures vanquished.

Vanquished Creatures (collateral kills)
  Psyche (D:8)
  An ogre (D:4)
  A crocodile (D:8)
  2 bullfrogs
  A killer bee (D:7)
  5 crimson imps (D:7)
  3 orc priests (D:6)
  A killer bee zombie (D:6)
  A gnoll (D:7)
  A white imp (D:7)
  2 orcs (D:4)
  A giant cockroach (D:4)
20 creatures vanquished.

Vanquished Creatures (others)
  Sigmund (D:4)
  A slave (D:4)
  A scorpion (D:4)
  2 oozes (D:4)
  A giant cockroach (D:4)
  A jackal (D:4)
  A quokka (D:4)
  A frilled lizard (D:4)
9 creatures vanquished.

Grand Total: 192 creatures vanquished

Notes
Turn   | Place    | Note
-------+----------+-------------------------------------------
     0 | Abyss:1  | Gargoyl the Demonspawn Abyssal Knight began the quest for the Orb.
     0 | Abyss:1  | Reached XP level 1. HP: 18/18 MP: 2/2
   115 | Abyss:1  | Noticed a small abomination
   117 | Abyss:1  | Noticed a rust devil
   120 | Abyss:1  | Noticed a ynoxinul
   122 | D:1      | Escaped the Abyss
   228 | D:1      | Reached * piety under Lugonu
   258 | D:1      | Gained mutation: A weak demonic guardian rushes to your aid. [demonic ancestry]
   258 | D:1      | Reached XP level 2. HP: 18/24 MP: 4/4
   259 | D:1      | Reached skill level 1 in Dodging
   300 | D:1      | Reached skill level 3 in Invocations
   860 | D:1      | Reached XP level 3. HP: 20/29 MP: 5/5
  1248 | D:2      | Reached ** piety under Lugonu
  1685 | D:2      | Found a deep blue altar of Sif Muna.
  1906 | D:2      | Reached XP level 4. HP: 34/35 MP: 6/6
  1922 | D:2      | Noticed Robin
  1943 | D:2      | Killed Robin
  2731 | D:3      | Reached *** piety under Lugonu
  2959 | D:3      | Found a shadowy altar of Dithmenos.
  2961 | D:3      | Found a bloodstained altar of Trog.
  3283 | D:4      | Noticed Grinder
  3285 | D:4      | Paralysed by Grinder for 5 turns
  3308 | D:4      | Paralysed by Grinder for 2 turns
  3334 | D:4      | Killed Grinder
  3334 | D:4      | Reached skill level 1 in Throwing
  3334 | D:4      | Reached skill level 4 in Invocations
  3334 | D:4      | Gained mutation: Your flesh is heat resistant. (rF+) [demonic ancestry]
  3334 | D:4      | Reached XP level 5. HP: 26/41 MP: 6/8
  3334 | D:4      | Reached XP level 6. HP: 30/47 MP: 6/9
  3935 | D:4      | Noticed a slave
  3936 | D:4      | Noticed a slave
  3936 | D:4      | Noticed a slave
  3937 | D:4      | Noticed a slave
  3938 | D:4      | Noticed Pikel
  3987 | D:4      | Killed a slave
  3989 | D:4      | Killed Pikel
  3989 | D:4      | Reached skill level 5 in Invocations
  3989 | D:4      | Reached XP level 7. HP: 53/53 MP: 9/11
  4509 | D:4      | Found a shimmering altar of Xom.
  4685 | D:4      | Noticed Sigmund
  4687 | D:4      | Killed Sigmund
  5064 | D:4      | Found a runed door.
  5068 | D:4      | Noticed Crazy Yiuf
  5077 | D:4      | Killed Crazy Yiuf
  5077 | D:4      | Reached skill level 5 in Armour
  5296 | D:5      | Entered Level 5 of the Dungeon
  5332 | D:5      | Reached skill level 6 in Invocations
  5332 | D:5      | Gained mutation: You have sharp toenails. [demonic ancestry]
  5332 | D:5      | Reached XP level 8. HP: 60/60 MP: 12/12
  5353 | D:5      | Found a glowing golden altar of the Shining One.
  5803 | D:6      | Found Toruuv's Food Shop.
  5845 | D:6      | Found Kaghuwk's General Store.
  6038 | D:6      | Bought a potion of curing for 36 gold pieces
  6038 | D:6      | Bought a scroll of teleportation for 36 gold pieces
  6038 | D:6      | Bought a scroll of blinking for 90 gold pieces
  6357 | D:6      | Noticed Prince Ribbit
  6381 | D:6      | Killed Prince Ribbit
  6381 | D:6      | Reached skill level 5 in Axes
  6453 | D:6      | Reached skill level 1 in Shields
  6715 | D:6      | Found Alibowu's Gadget Shoppe.
  6733 | D:6      | Found Peugroni's General Store.
  6813 | D:6      | Reached skill level 7 in Invocations
  6901 | D:6      | Found Akuheg's General Store.
  7157 | D:6      | Found a blossoming altar of Fedhas.
  7157 | D:6      | Found an ancient bone altar of Kikubaaqudgha.
  7557 | D:7      | Found a stormy altar of Qazlal.
  7578 | D:7      | Found a shattered altar of Ashenzari.
  7586 | D:7      | Found a staircase to the Ecumenical Temple.
  7826 | D:7      | Gained mutation: A demonic guardian rushes to your aid. [demonic ancestry]
  7826 | D:7      | Reached XP level 9. HP: 24/66 MP: 14/14
  9690 | D:8      | Noticed Psyche
  9700 | D:8      | Killed Psyche
  9700 | D:8      | Reached **** piety under Lugonu
  9700 | D:8      | Reached skill level 8 in Invocations
  9766 | D:8      | Reached skill level 5 in Fighting
  9807 | D:8      | HP: 3/68 [poisoned by a worker ant]
  9815 | D:8      | HP: 3/68 [poisoned by a worker ant]
 10046 | D:8      | Slain by a killer bee

Skill      XL: |  1  2  3  4  5  6  7  8  9 |
---------------+----------------------------+-----
Dodging        | 1 2 |  2.6
Armour         | 2 3 4 5 6 7 |  7.5
Axes           | 2 3 4 5 6 |  6.4
Invocations    | 3 4 5 6 7 8 |  8.2
Throwing       | 1 2 |  2.0
Fighting       | 4 5 |  5.0
Shields        | 1 2 |  2.0

Action                   |  1- 3 |  4- 6 |  7- 9 || total
-------------------------+-------+-------+-------++-------
Melee: Hand axe          |   122 |   184 |   602 ||   908
 Fire: Blowgun           |       |     9 |     1 ||    10
Throw: Tomahawk          |       |       |     4 ||     4
Invok: Depart the Abyss  |     1 |       |       ||     1
  Use: Scroll            |     6 |     2 |     5 ||    13
       Potion            |       |     8 |     6 ||    14
 Stab: Sleeping          |     1 |       |       ||     1
       Distracted        |       |     2 |       ||     2
  Eat: Chunk             |     2 |     5 |    16 ||    23
       Bread ration      |       |     1 |       ||     1
       Fruit             |       |       |     4 ||     4
Armor: Leather armour    |    30 |       |       ||    30
       Ring mail         |    16 |    69 |       ||    85
       Skin              |       |     7 |       ||     7
       Chain mail        |       |    18 |   436 ||   454
Dodge: Dodged            |    94 |    93 |   227 ||   414
Block: Buckler           |    17 |    22 |   102 ||   141
